 Dungeon Sprint DCSS version 0.30-a0-509-gd016549fea (webtiles) character file.

Game seed: 10353763762472564297

1535 mhtbhm the Fighter (level 8, 0/94 HPs)
             Began as a Gargoyle Berserker on Dec 23, 2022.
             Was a Believer of Trog.
             Killed from afar by Ligh the pandemonium lord (13 damage)
             ... with a bolt of cold
             ... in the Dungeon (Sprint V: "Ziggurat Sprint").
             The game lasted 00:01:37 (221 turns).

mhtbhm the Fighter (Gargoyle Berserker)              Turns: 221, Time: 00:01:38

Health: 0/94       AC: 18    Str: 36    XL:     8   Next: 86%
Magic:  8/8        EV:  1    Int:  7    God:    Trog [**....]
Gold:   0          SH: 26    Dex:  9    Spells: 7/7 levels left

rFire   + . .      SeeInvis .    a - +6 shillelagh "Devastator" {shatter}
rCold   + . .      Faith    .    c - +18 shield of the Gong {rElec rN+ Will+ EV-5}
rNeg    + + .      Spirit   .    b - +5 gold dragon scales
rPois   ∞          Reflect  .    (no helmet)
rElec   +          Harm     .    (no cloak)
rCorr   .          Rampage  .    (no gloves)
Will    +....      NoTele   +    (no boots)
Stlth   ..........               (no amulet)
HPRegen 0.35/turn                u - +6 ring of strength
MPRegen 0.11/turn                v - +6 ring of strength

@: berserking (expiring), corroded, hasted, very quick
A: sickness immunity, AC +5, negative energy resistance 1, electricity
resistance, torment resistance 1, petrification resistance
a: Renounce Religion, Berserk, Trog's Hand


You were in the Dungeon.
You worshipped Trog.
Trog was pleased with you.
You visited 1 branch

Inventory:

Hand Weapons
 a - the +6 shillelagh "Devastator" (weapon) {shatter}
   (You found it in the Dungeon)

   It releases a powerful concussive burst when it strikes, dealing extra damage
   to the target and all other creatures adjacent to them.
Armour
 b - +5 gold dragon scales (worn)
 c - the +18 shield of the Gong (worn) {rElec rN+ Will+ EV-5}
   (You found it in the Dungeon)

   It is deafeningly noisy when blocking attacks.
   EV:        It affects your evasion (-5).
   rElec:     It insulates you from electricity.
   rN:        It protects you from negative energy.
   Will:      It increases your willpower.
Jewellery
 u - a +6 ring of strength (left hand)
 v - a +6 ring of strength (right hand)
Wands
 m - a wand of mindburst (7)
 n - a wand of iceblast (7)
 o - a wand of quicksilver (7)
Scrolls
 h - 4 scrolls of blinking
 w - 7 scrolls of fog
 x - 5 scrolls of identify
 y - 2 scrolls of fear
Potions
 d - 11 potions of heal wounds
 e - 5 potions of haste
 f - 7 potions of magic
 g - 3 potions of berserk rage
 i - 2 potions of invisibility
 j - 4 potions of resistance
 k - a potion of experience
 l - 5 potions of might
 A - 10 potions of curing
Miscellaneous
 z - a lightning rod (4/4)


   Skills:
 + Level 13.1 Fighting
 + Level 12.2 Maces & Flails
 + Level 8.0 Armour
 + Level 5.0 Dodging
 + Level 3.5 Shields


You had 7 spell levels left.
You didn't know any spells.
Your spell library was empty.

Dungeon Overview and Level Annotations

Branches:
Dungeon (1/1)

Altars:
Ashenzari
Cheibriados
Dithmenos
Elyvilon
Fedhas
Gozag
Hepliaklqana
Kikubaaqudgha
Makhleb
Nemelex Xobeh
Okawaru
Qazlal
Ru
Sif Muna
Trog
Uskayaw
Vehumet
Wu Jian
Xom
Yredelemnul
Zin
The Shining One
Jiyva
Lugonu

Annotations:
D 1 transporter


Innate Abilities, Weirdness & Mutations

You are immune to sickness and miasma.
Your stone body is resilient. (AC +5)
You are immune to poison.
You resist negative energy. (rN+)
You are resistant to electric shocks. (rElec)
You are resistant to unholy torment.
You are immune to petrification.


Message History

Ligh hits you!!
You hit Ligh but do no damage.
Ligh is lightly wounded.
You block the rust devil's attack.
GONNNNG!
Ligh sneers, "Quail, thou tottering ill-breeding snaffler!"
Ligh hits you!!
* * * LOW HITPOINT WARNING * * *
Unknown command.
You barely miss Ligh.
Ligh is lightly wounded.
You block Ligh's attack.
GONNNNG!
You hit Ligh but do no damage.
Ligh is lightly wounded.
You block the rust devil's attack.
SHROANNG!
Ligh hits you.
* * * LOW HITPOINT WARNING * * *
Unknown command.
You bludgeon Ligh!!
Ligh and the rust devil shudder.
Ligh is moderately wounded.
You kill the rust devil!
Trog accepts your kill.
Ligh is moderately wounded.
You block Ligh's attack.
SHROANNG!
Your Fighting skill increases to level 13!
Your Maces & Flails skill increases to level 12!
Your Armour skill increases to level 8!
Your Dodging skill increases to level 5!
Your Shields skill increases to level 3!
You barely miss Ligh.
Ligh is moderately wounded.
Unknown command.
You hit Ligh but do no damage.
Ligh is moderately wounded.
Ligh gestures at you. The bolt of cold hits you! You resist.
You die...

▓▓▓▓▓▓▓▓▓▓▓▓▓
▓.8©8.▓.8©8.▓
▓.})).▓.....▓
▓.....▓.:...▓
▓.....▓.....▓
▓..&..▓...[.▓
▓..@..▓..©..▓
▓..©..▓▓▓▓▓▓▓
▓▓▓▓▓▓▓


You could see Ligh.

Vanquished Creatures
  A great orb of eyes (D)
  An ironbound frostheart (D)
  A rust devil (D)
  A white imp (D)
4 creatures vanquished.

Notes
Turn   | Place    | Note
-------+----------+-------------------------------------------
     0 | D        | mhtbhm the Gargoyle Berserker began the quest for the Orb.
     0 | D        | Reached XP level 1. HP: 14/14 MP: 1/1
     2 | D        | Found a blossoming altar of Fedhas.
     2 | D        | Found the +6 Majin-Bo {vamp, MP+6 Int+6}
     2 | D        | Found the +27 heavy crossbow "Sniper" {vorpal, Acc+∞ SInv}
     2 | D        | Found the +10 dark maul {vorpal}
     2 | D        | Found the +15 Maxwell's patent armour {-Cast -Tele rElec
                  | Will+ rCorr}
     2 | D        | Found the +18 shield of the Gong {rElec rN+ Will+ EV-5}
     2 | D        | Found the +14 obsidian axe {vorpal, Mesm Drain Fly SInv}
     2 | D        | Found the +7 great mace "Firestarter" {inner flame, rF++}
     2 | D        | Found the +6 shillelagh "Devastator" {shatter}
     2 | D        | Found the +11 plutonium sword {Contam Stlth-}
     2 | D        | Found the +8 lance "Wyrmbane" {slay drac, rPois rF+ rC+
                  | AC+3}
     2 | D        | Found the +9 sword of Zonguldrok {reap}
     2 | D        | Found the +13 scythe of Curses {drain, Drain}
     2 | D        | Found the +5 sword of Power {vorpal}
     2 | D        | Found the +7 mace of Variability {chain chaos}
     2 | D        | Found the +7 Singing Sword {vorpal, sonic wave}
     2 | D        | Found the +8 storm bow {elec, penet}
     5 | D        | Found a shimmering blue altar of Sif Muna.
     5 | D        | Found a sacrificial altar of Ru.
     5 | D        | Found a bloodstained altar of Trog.
     5 | D        | Found a stormy altar of Qazlal.
     5 | D        | Found an iron altar of Okawaru.
     5 | D        | Found a sparkling altar of Nemelex Xobeh.
    11 | D        | Found a corrupted altar of Lugonu.
    11 | D        | Found an ancient bone altar of Kikubaaqudgha.
    11 | D        | Found a burning altar of Makhleb.
    11 | D        | Found a transporter.
    11 | D        | Found a viscous altar of Jiyva.
    11 | D        | Found a hazy altar of Hepliaklqana.
    16 | D        | Found an opulent altar of Gozag.
    87 | D        | Entered arena 2.
    87 | D        | Noticed a great orb of eyes
    87 | D        | Noticed an ironbound frostheart
    87 | D        | Found a transporter.
    97 | D        | Killed an ironbound frostheart
    98 | D        | Reached skill level 10 in Fighting
    98 | D        | Reached skill level 10 in Maces & Flails
    98 | D        | Reached XP level 2. HP: 20/28 MP: 2/2
    98 | D        | Reached XP level 3. HP: 24/33 MP: 3/3
    98 | D        | Reached XP level 4. HP: 28/39 MP: 4/4
    98 | D        | Reached XP level 5. HP: 31/43 MP: 5/5
    98 | D        | Reached XP level 6. HP: 35/48 MP: 6/6
    98 | D        | Reached XP level 7. HP: 39/53 MP: 7/7
   103 | D        | Killed a great orb of eyes
   103 | D        | Reached ** piety under Trog
   104 | D        | Reached skill level 12 in Fighting
   104 | D        | Reached XP level 8. HP: 47/62 MP: 8/8
   199 | D        | Entered arena 3.
   199 | D        | Noticed Ligh the pandemonium lord
   199 | D        | Noticed a rust devil
   199 | D        | Found a transporter.
   219 | D        | Killed a rust devil
   220 | D        | Reached skill level 13 in Fighting
   220 | D        | Reached skill level 5 in Dodging
   221 | D        | Killed from afar by Ligh the pandemonium lord

Illustrated notes

Levels and vault maps discovered:
D:        sprint_v [room_start, room_1, room_2, room_3, room_4, room_5, room_6,
          room_7, room_8, room_9, room_10, room_11, room_12, room_13, room_14,
          room_15, room_16, room_17, room_18, room_19, room_20, room_21,
          room_22, room_23, room_24, room_25, room_26, room_27]

Skill      XL: |  1  2  3  4  5  6  7  8 |
---------------+-------------------------+-----
Fighting       | 10 12 13 | 13.1
Maces & Flails | 10 11 12 | 12.2
Armour         | 6 7 8 |  8.0
Dodging        | 4 5 |  5.0
Shields        | 2 3 |  3.5

Action                   |  1- 3 |  4- 6 |  7- 9 || total
-------------------------+-------+-------+-------++-------
Melee: Shillelagh        |     6 |       |    23 ||    29
Invok: Berserk           |     1 |       |     1 ||     2
       Trog's Hand       |       |       |     1 ||     1
  Use: Potion            |     2 |       |     2 ||     4
Armor: Gold dragon scale |     3 |       |     3 ||     6
Block: Kite shield       |     6 |       |    16 ||    22

Table legend: (Time is in decaauts)
 A = Elapsed time spent in this place.
 B = Non-inter-level travel time spent in this place.
 C = Inter-level travel time spent in this place.
 D = Time resting spent in this place.
 E = Time spent auto-exploring this place.
 F = Levels seen in this place.
 G = Mean time per level.
                   A        B        C        D        E       F      G
               +--------+--------+--------+--------+--------+-----+--------+
         Total |    218 |    218 |      0 |     95 |      0 |   1 |  218.0 |
       Dungeon |    218 |    218 |      0 |     95 |      0 |   1 |  218.0 |
               +--------+--------+--------+--------+--------+-----+--------+

Top non-repeatable levels by time:
       D: 218 daAuts
